 Dungeon Crawl Stone Soup version 0.19-a0-1100-g56b2fe9 (webtiles) character file.

41952 Jmtri7 the Spry (level 13, -11/100 (103) HPs)
             Began as a Minotaur Fighter on Aug 8, 2016.
             Mangled by a white ugly thing (27 damage)
             ... in an ice cave.
             The game lasted 01:02:31 (14535 turns).

Jmtri7 the Spry (Minotaur Fighter)                 Turns: 14535, Time: 01:02:32

HP:   -11/100 (103) AC: 10    Str: 24    XL:     13   Next: 82%
MP:   10/10         EV: 23    Int:  5    God:
Gold: 1005          SH: 10    Dex: 14    Spells: 0 memorised, 12 levels left

rFire  . . .     SeeInvis .     d - +6 double sword (holy)
rCold  . . .     Gourm    .     x - +1 troll leather armour {Purgy}
rNeg   . . .     Faith    .     c - +0 shield
rPois  .         Spirit   .     t - +2 hat
rElec  .         Dismiss  .     (no cloak)
rCorr  .         Reflect  .     E - +1 pair of gloves
SustAt +         Harm     .     p - +0 pair of boots
MR     .....                    e - amulet of regeneration
Stlth  +.........               n - ring of sustain attributes
                                v - +2 ring of strength

@: flying
A: retaliatory headbutt, horns 2, low mp 1, mutation resistance 1, sense
surroundings 1
a: no special abilities


You were in an ice cave.
You were near starving.

You visited 2 branches of the dungeon, and saw 15 of its levels.
You also visited: Sewer and Ice Cave.

You collected 1005 gold pieces.

Inventory:

Hand Weapons
 d - a +6 double sword of holy wrath (weapon)
 o - a +3 great sword
Armour
 c - a +0 shield (worn)
 i - a troll hide
 p - a +0 pair of boots (worn)
 t - a +2 hat (worn)
 x - a +1 troll leather armour (worn) {Purgy}
 E - a +1 pair of gloves (worn)
 F - the +1 ring mail of Tole {rElec rF+}
   (You found it on level 9 of the Dungeon)

   It protects you from fire.
   It insulates you from electricity.
 M - a +2 leather armour of poison resistance
Jewellery
 e - an amulet of regeneration (around neck)
 m - an uncursed ring of flight
 n - a ring of sustain attributes (right hand)
 v - a +2 ring of strength (left hand)
 H - an uncursed ring of protection from cold
 I - an uncursed amulet of harm
Scrolls
 g - 4 scrolls of teleportation
 k - a scroll of fear
 J - 3 scrolls of magic mapping
 K - a scroll of fog
Potions
 a - a potion of magic
 r - a potion of resistance
 B - a potion of brilliance {unknown}
 D - 7 potions of curing
 G - 3 potions of cure mutation
Miscellaneous
 j - a phial of floods
 s - a phial of floods
Comestibles
 b - 2 slices of pizza
 f - 7 bread rations
 h - 7 fruits
 l - 6 meat rations
 q - 14 royal jellies
 O - 2 beef jerkies


   Skills:
 + Level 6.5 Fighting
 - Level 16.0 Long Blades
 - Level 3.6 Armour
 - Level 19.3 Dodging
 - Level 3.6 Shields


You had 12 spell levels left.
You didn't know any spells.

Dungeon Overview and Level Annotations

Branches:
Dungeon (14/15)            Temple (1/1) D:5            Lair (0/6) D:11
    Orc (0/2) D:10         Vaults (0/5) D:13

Altars:
Ashenzari
Cheibriados
Dithmenos
Elyvilon
Fedhas
Gozag
Hepliaklqana
Kikubaaqudgha
Makhleb
Nemelex Xobeh
Okawaru
Pakellas
Qazlal
Ru
Sif Muna
Trog
Uskayaw
Vehumet
Xom
Yredelemnul
Zin
The Shining One

Shops:
D:5 ?   D:7 *   D:13 :


Innate Abilities, Weirdness & Mutations

You reflexively headbutt those who attack you in melee.
You have a pair of horns on your head.
Your magical capacity is low. (-10% MP)
You are somewhat resistant to further mutation.
You passively map a small area around you.


Message History

The white ugly thing is lightly wounded.
You are engulfed in freezing vapours.
You resist.
* * * LOW HITPOINT WARNING * * *
The white ugly thing closely misses you.
You riposte.
You slash the white ugly thing! You headbutt the white ugly thing.
The white ugly thing is moderately wounded.
You hit the white ugly thing.
The white ugly thing is heavily wounded.
You are engulfed in freezing vapours.
You resist.
* * * LOW HITPOINT WARNING * * *
You block the white ugly thing's attack.
You feel very buoyant.
You fly up into the air.
You start to feel less resistant.
You block the white ugly thing's attack.
Your resistance to elements expires.
The white ugly thing kicks you.
* * * LOW HITPOINT WARNING * * *
The white ugly thing freezes you!!
You die...

####### ############# * ##
#.....## ##...(.#.....## .}!
#......###.....)#......## ,....
#.......#.......#.......# .....
#.......#.......#.......#......
#.∩..∩........@u...............
#.......#.......#.......#......
#.......#.......#.......# .....
#......###......#......##* ....
#.....## ##.....#.....## * .:%
####### ############# * ##


You could see a white ugly thing.

Vanquished Creatures
  Snorg (D:11)
  Harold (D:10)
  4 vault guards
  A death knight (D:13)
  2 centaur warriors (D:13)
  Urug (D:11)
  Sonja (D:11)
  2 unseen horrors
  A phantasmal warrior (D:12)
  An orc knight (D:10)
  6 hill giants
  4 ugly things
  A wolf spider (D:11)
  2 deep elf magi
  3 cyclopes
  An elephant (D:11)
  2 manticores
  3 centaur skeletons
  Joseph (D:9)
  3 ice statues (IceCv)
  Psyche (D:11)
  2 gargoyles
  A komodo dragon (D:10)
  An efreet (D:13)
  A freezing wraith (D:13)
  2 queen bees
  2 trolls
  3 meliai (D:12)
  A two-headed ogre (D:13)
  13 slime creatures
  A meliai zombie (D:10)
  A wraith (D:13)
  23 yaks
  3 wyverns
  2 basilisks (D:12)
  A shadow (D:10)
  A human (shapeshifter) (D:12)
  11 hippogriffs
  A hungry ghost (D:7)
  A steam dragon (D:8)
  3 water moccasins
  A swamp drake (D:10)
  5 black bears
  16 ice beasts
  3 sky beasts
  Purgy (Sewer)
  2 orc warriors
  5 phantoms
  4 necrophages
  3 ogres (D:10)
  8 centaurs
  2 crocodiles
  A big kobold (D:11)
  15 giant frogs
  A gnoll sergeant (D:10)
  A water moccasin zombie (D:10)
  3 scorpions
  44 killer bees
  19 wights
  A howler monkey (D:8)
  2 giant frog zombies
  6 crimson imps
  A centaur zombie (D:10)
  8 hounds
  7 jellies
  3 giant frog skeletons
  15 orc wizards
  6 orc priests
  3 iguanas
  16 worker ants
  A killer bee zombie (D:9)
  A sheep (D:11)
  2 mummies (D:7)
  4 gnolls (D:11)
  A worker ant zombie (D:9)
  14 adders
  3 shadow imps
  An ooze (D:3)
  An adder zombie (D:8)
  3 adder skeletons
  4 worms
  A dart slug (D:1)
  11 giant geckos
  47 orcs
  8 giant cockroaches
  4 goblins
  13 hobgoblins
  6 jackals
  4 quokkas
  A ball python (D:1)
  7 bats
  A giant newt (D:5)
  16 kobolds
  3 quokka skeletons
  5 rats (D:1)
480 creatures vanquished.

Vanquished Creatures (others)
  2 fungi (D:11)
2 creatures vanquished.

Grand Total: 482 creatures vanquished

Notes
Turn   | Place    | Note
-------+----------+-------------------------------------------
     0 | D:1      | Jmtri7 the Minotaur Fighter began the quest for the Orb.
     0 | D:1      | Reached XP level 1. HP: 19/19 MP: 0/0
    59 | D:1      | Reached XP level 2. HP: 19/26 MP: 1/1
   474 | D:1      | Reached XP level 3. HP: 31/31 MP: 2/2
  1069 | D:2      | Reached skill level 5 in Long Blades
  1137 | D:2      | Found a faded altar of an unknown god.
  1419 | D:3      | Reached XP level 4. HP: 39/39 MP: 3/3
  1756 | D:3      | Reached XP level 5. HP: 14/45 MP: 4/4
  1957 | D:3      | Found a glowing drain.
  1974 | Sewer    | Entered a sewer
  2013 | Sewer    | Noticed Purgy
  2029 | Sewer    | Killed Purgy
  2076 | Sewer    | Reached XP level 6. HP: 51/51 MP: 5/5
  2379 | D:3      | Found a white marble altar of Elyvilon.
  2990 | D:4      | Reached XP level 7. HP: 57/57 MP: 6/6
  3380 | D:5      | Entered Level 5 of the Dungeon
  3438 | D:5      | Reached skill level 10 in Long Blades
  3471 | D:5      | Found a staircase to the Ecumenical Temple.
  3491 | Temple   | Entered the Ecumenical Temple
  3815 | D:5      | Found Gefyw's Magic Scroll Shop.
  4059 | D:5      | Reached XP level 8. HP: 56/64 MP: 7/7
  4712 | D:6      | Gained mutation: You are dopey. (Int -2) [potion of mutation]
  4712 | D:6      | Gained mutation: You are weak. (Str -2) [potion of mutation]
  4712 | D:6      | Gained mutation: You are very weak. (Str -4) [potion of mutation]
  4713 | D:6      | Lost mutation: You are very weak. (Str -4) [potion of cure mutation]
  4713 | D:6      | Lost mutation: You are weak. (Str -2) [potion of cure mutation]
  4713 | D:6      | Lost mutation: You are dopey. (Int -2) [potion of cure mutation]
  4820 | D:6      | Found a shattered altar of Ashenzari.
  5086 | D:7      | Found Kaevyumm's Off-Brand Ammunition.
  5362 | D:7      | Reached XP level 9. HP: 47/70 MP: 8/8
  5947 | D:8      | Noticed a queen bee
  5955 | D:8      | Reached skill level 15 in Long Blades
  6424 | D:7      | Killed a queen bee
  6510 | D:8      | Reached skill level 1 in Dodging
  6624 | D:8      | Found a hazy altar of Hepliaklqana.
  6630 | D:8      | Found an iron altar of Okawaru.
  6707 | D:8      | Reached skill level 2 in Dodging
  6707 | D:8      | Reached XP level 10. HP: 31/77 MP: 9/9
  6822 | D:8      | Reached skill level 3 in Dodging
  6922 | D:8      | Found a basalt altar of Yredelemnul.
  7027 | D:8      | Reached skill level 4 in Dodging
  7510 | D:8      | Reached skill level 5 in Dodging
  7762 | D:9      | Reached skill level 6 in Dodging
  7776 | D:9      | Noticed Joseph
  7790 | D:9      | Killed Joseph
  7963 | D:9      | Reached skill level 7 in Dodging
  7988 | D:9      | Got a crude ring mail
  7999 | D:9      | Identified the +1 ring mail of Tole {rElec rF+} (You found it on level 9 of the Dungeon)
  8376 | D:10     | Entered Level 10 of the Dungeon
  8388 | D:10     | Reached skill level 8 in Dodging
  8453 | D:10     | Reached skill level 9 in Dodging
  8555 | D:10     | Noticed Harold
  8682 | D:10     | Noticed a white ugly thing
  8711 | D:10     | Killed a white ugly thing
  8712 | D:10     | Reached skill level 10 in Dodging
  8779 | D:10     | Noticed a hill giant
  8787 | D:10     | Noticed an orc knight
  8794 | D:10     | Noticed a hill giant
  8941 | D:10     | Killed Harold
  8941 | D:10     | Reached XP level 11. HP: 54/82 MP: 10/10
  9079 | D:9      | Killed a hill giant
  9079 | D:9      | Reached skill level 11 in Dodging
  9105 | D:10     | Killed a hill giant
  9282 | D:10     | Reached skill level 12 in Dodging
  9457 | D:10     | Killed an orc knight
  9461 | D:10     | Got an iridescent hand axe {vamp}
  9532 | D:10     | Got an encrusted falchion
  9533 | D:10     | Identified the +6 falchion "Ragrivat" {antimagic, Str+4 Int+4 Stlth+} (You found it on level 10 of the Dungeon)
  9620 | D:10     | Identified the +2 hand axe "Jellybane" {vamp, rN+ Dex+2} (You took it off a wight on level 10 of the Dungeon)
  9812 | D:10     | Reached skill level 13 in Dodging
  9815 | D:10     | Found a staircase to the Orcish Mines.
 10149 | D:11     | Noticed a six-headed hydra
 10162 | D:11     | HP: 4/82 [nine-headed hydra (9)]
 10380 | D:11     | Noticed Urug
 10383 | D:11     | Noticed a hill giant
 10392 | D:11     | Killed a hill giant
 10428 | D:11     | Killed Urug
 10437 | D:11     | Reached skill level 14 in Dodging
 10451 | D:11     | Reached XP level 12. HP: 62/90 MP: 11/11
 10501 | D:11     | Found a staircase to the Lair.
 10524 | D:11     | Noticed Snorg
 10537 | D:11     | Killed Snorg
 10670 | D:11     | Noticed Sonja
 10746 | D:11     | Reached skill level 15 in Dodging
 10857 | D:11     | Killed Sonja
 11433 | D:11     | Noticed Psyche
 11438 | D:11     | Killed Psyche
 11640 | D:12     | Reached skill level 16 in Dodging
 11916 | D:12     | Reached skill level 17 in Dodging
 11938 | D:12     | HP: 4/90 [something (1)]
 12277 | D:12     | Reached XP level 13. HP: 95/95 MP: 12/12
 12725 | D:13     | HP: 7/142 [manticore (4)]
 12831 | D:13     | Gained mutation: You passively map a small area around you. [mutagenic meat]
 12834 | D:13     | Gained mutation: You are somewhat resistant to further mutation. [mutagenic meat]
 12842 | D:13     | Found Xiysyl's Book Boutique.
 13005 | D:13     | Found a gate to the Vaults.
 13063 | D:12     | Reached skill level 18 in Dodging
 13446 | D:13     | Found a blossoming altar of Fedhas.
 13452 | D:13     | Gained mutation: Your magical capacity is low. (-10% MP) [mutagenic meat]
 13805 | D:13     | Reached skill level 19 in Dodging
 14346 | D:14     | Found a frozen archway.
 14377 | D:14     | Reached skill level 5 in Fighting
 14388 | IceCv    | Entered an ice cave
 14535 | IceCv    | Mangled by a white ugly thing

Vault maps used:
D:1:      lemuel_arrival_muddy
D:2:      ecumenical_altar_2
D:3:      lemuel_round_altar, portal_sewer_entry_f, hex_medium
D:4:      first_bread
D:5:      serial_shops, nicolae_shop_temple_entry_statues_fountains
D:6:      cheibrodos_ashenzari_chains
D:7:      serial_undead, serial_undead_c, serial_undead_b, serial_undead_f,
          serial_undead_f, nicolae_offbrand_ammo
D:8:      lemuel_crystal_altar, minitemple, david_nohive_1
D:9:      uniq_joseph
D:10:     hangedman_cross_cluster, erik_orc_1, grunt_decor_arrowhead,
          uniq_harold
D:11:     david_lair_generic, uniq_sonja, uniq_snorg, uniq_psyche, uniq_urug
D:12:     special_room
D:13:     lightli_vaults_fourway_checkpoint, basic_altar, serial_shops,
          shop_fountains, serial_bayou_pond_e
D:14:     portal_ice_cave_entry_ice_beasts, serial_shops, shop, serial_glass,
          glass_columns_b, glass_columns_a, minmay_holes
Temple:   dpeg_five_rooms_temple
Sewer:    kennysheep_door_sewer
IceCv:    ice_cave_statue_garden_chambered

Skill      XL: |  1  2  3  4  5  6  7  8  9 10 11 12 13 |
---------------+----------------------------------------+-----
Long Blades    | 3 4 5 6 7 9 11 13 16 | 16.0
Dodging        | 2 10 14 17 19 | 19.3
Fighting       | 6 |  6.5
Armour         | |  3.6
Shields        | |  3.6

Action                   |  1- 3 |  4- 6 |  7- 9 | 10-12 | 13-15 || total
-------------------------+-------+-------+-------+-------+-------++-------
Melee: Long sword        |   119 |    18 |   110 |       |       ||   247
       Headbutt          |    25 |    30 |    78 |   206 |    72 ||   411
       Dagger            |       |   148 |   129 |       |       ||   277
       Scimitar          |       |       |   150 |   571 |       ||   721
       Double sword      |       |       |       |   337 |   337 ||   674
  Use: Scroll            |       |    10 |    18 |    14 |     3 ||    45
       Potion            |       |       |    10 |    11 |     5 ||    26
 Stab: Invisible         |       |       |       |     2 |       ||     2
       Distracted        |       |       |       |     1 |       ||     1
  Eat: Chunk             |     2 |     5 |    12 |    21 |    12 ||    52
       Royal jelly       |       |       |     1 |       |       ||     1
       Beef jerky        |       |       |     1 |     2 |       ||     3
       Fruit             |       |       |       |     1 |       ||     1
Armor: Scale mail        |    38 |    10 |       |       |       ||    48
       Ring mail         |       |    16 |       |       |       ||    16
       Troll hide        |       |    23 |     1 |       |       ||    24
       Troll leather arm |       |       |   103 |   112 |    37 ||   252
       Skin              |       |       |       |    64 |    59 ||   123
Dodge: Dodged            |    28 |    47 |   119 |   411 |   133 ||   738
Block: Shield            |    50 |    81 |   173 |   365 |   122 ||   791
